 Dungeon Crawl Stone Soup version 0.18.1-50-g88ac8fd (webtiles) character file.

98 Nordron the Ruffian (level 4, 0/38 HPs)
             Began as a Naga Transmuter on Sept 23, 2016.
             Slain by a scorpion (5 damage)
             ... on level 4 of the Dungeon.
             The game lasted 00:12:51 (2681 turns).

Nordron the Ruffian (Naga Transmuter)               Turns: 2681, Time: 00:12:52

Health: 0/38       AC:  5    Str: 13    XL:     4   Next: 69%
Magic:  6/7        EV:  7    Int: 13    God:
Gold:   213        SH:  0    Dex: 12    Spells: 1 memorised, 6 levels left

rFire  . . .     SeeInvis +       - Unarmed
rCold  . . .     Gourm    .     q - +0 scale mail (curse)
rNeg   . . .     Faith    .     (no shield)
rPois  +         Spirit   .     (no helmet)
rElec  .         Dismiss  .     y - +0 cloak
rCorr  .         Reflect  .     (no gloves)
SustAt .         Harm     .     (no barding)
MR     .....                    (no amulet)
Stlth  +.........               (no ring)
                                s - ring of stealth

@: lethally poisoned (0 -> -6), appendage, very slightly contaminated, very
slow, not resistant to hostile enchantments, very unstealthy
A: horns 2, see invisible, deformed body, poison resistance, slowness 2, slow
metabolism 1, spit poison 2, AC +1
a: Spit Poison, End Transformation


You were on level 4 of the Dungeon.
You were not hungry.
You had grown temporary horns.
You visited 1 branch of the dungeon, and saw 4 of its levels.

You collected 213 gold pieces.

Inventory:

Hand Weapons
 i - a +2 whip of electrocution
Missiles
 a - 43 arrows
Armour
 b - a +0 robe
 k - a +0 ring mail
 q - a cursed +0 scale mail (worn)
 y - a +0 cloak (worn)
Jewellery
 g - a cursed ring of teleportation
 s - a ring of stealth (left hand)
Scrolls
 e - 2 scrolls of random uselessness {unknown}
 f - 3 scrolls of amnesia
 h - 4 scrolls of teleportation {unknown}
 j - a scroll of noise
 l - a scroll of enchant weapon
 n - a scroll of fear {unknown}
 p - 3 scrolls of blinking
 r - 2 scrolls of identify
 x - a scroll of fog {unknown}
Potions
 m - a potion of might {unknown}
 o - a potion of mutation {unknown}
 t - a potion of curing {unknown}
 w - a potion of lignification {unknown}
Books
 c - a book of Changes

   Spells                             Type                      Level
   a - Beastly Appendage              Transmutation                1
   b - Sticks to Snakes               Transmutation                2
   c - Spider Form                    Transmutation/Poison         3
   d - Ice Form                       Ice/Transmutation            4
   e - Blade Hands                    Transmutation                5
Comestibles
 d - 2 bread rations
 v - 2 meat rations


   Skills:
 + Level 1.0 Fighting
 + Level 1.1 Armour
 * Level 2.2 Dodging
 + Level 0.4 Stealth
 * Level 3.6 Unarmed Combat
 + Level 2.3 Spellcasting
 * Level 2.9 Transmutations


You had 6 spell levels left.
You knew the following spells:

 Your Spells              Type           Power        Failure   Level  Hunger
a - Beastly Appendage     Trmt           #.....       34%         1    #......


Dungeon Overview and Level Annotations

Branches:
Dungeon (4/15)
 Temple: D:4-7

Altars:
Ashenzari
Dithmenos
Elyvilon
Gozag
Kikubaaqudgha
Ru
Vehumet
The Shining One

Shops:
D:4 !(


Innate Abilities, Weirdness & Mutations

You cannot wear boots.
Your serpentine skin is tough (AC +1).
You have supernaturally acute eyesight.
Armour fits poorly on your strangely shaped body.
Your system is resistant to poisons.
You cover ground very slowly.
You have a slow metabolism.
You can spit poison.
You have a pair of horns on your head.


Message History

The scorpion closely misses you.
You hit the scorpion.
You punch the scorpion, but do no damage.
The scorpion is heavily wounded.
The scorpion stings you.
* * * LOW HITPOINT WARNING * * *
You hit the scorpion. Your headbutt misses the scorpion.
The scorpion is severely wounded.
The scorpion stings you but does no damage.
You hit the scorpion but do no damage.
The scorpion is severely wounded.
The scorpion stings you.
* * * LOW HITPOINT WARNING * * *
You are lethally poisoned!
The scorpion poisons you!
You hit the scorpion but do no damage.
The scorpion is severely wounded.
* * * LOW HITPOINT WARNING * * *
You feel sick. The scorpion stings you.
You die...

######## #..##..#
###..##..#
#.....<..#
#........#
#........#
#...<....#
###s†##..#
#?###.@##..#
#......#...#
+.........(#
#....P.P...#
#..#.P∩....#
.......PP.!....
.∩....$..........
....!............
.##....##........


You could see a scorpion.

Vanquished Creatures
  A giant frog skeleton (D:4)
  An adder (D:2)
  4 giant geckos
  An orc (D:2)
  A ball python (D:2)
  5 bats
  4 giant cockroaches
  5 goblins
  3 hobgoblins
  5 jackals
  10 kobolds
  2 quokkas
  5 giant newts
  2 rats
49 creatures vanquished.

Notes
Turn   | Place    | Note
--------------------------------------------------------------
     0 | D:1      | Nordron the Naga Transmuter began the quest for the Orb.
     0 | D:1      | Reached XP level 1. HP: 18/18 MP: 3/3
   380 | D:1      | Reached XP level 2. HP: 23/25 MP: 3/5
   520 | D:1      | HP: 1/25 [kobold/dagger (2)]
  1226 | D:1      | Reached XP level 3. HP: 16/31 MP: 2/6
  1549 | D:2      | Found a sacrificial altar of Ru.
  1551 | D:2      | Found a shattered altar of Ashenzari.
  1552 | D:2      | Found a white marble altar of Elyvilon.
  1552 | D:2      | Found a radiant altar of Vehumet.
  1553 | D:2      | Found a shadowy altar of Dithmenos.
  1553 | D:2      | Found an opulent altar of Gozag.
  1553 | D:2      | Found an ancient bone altar of Kikubaaqudgha.
  1557 | D:2      | Found a glowing golden altar of the Shining One.
  2287 | D:3      | Reached XP level 4. HP: 33/38 MP: 4/7
  2333 | D:3      | Reached skill level 1 in Armour
  2635 | D:4      | Found Jios's Antique Weapon Shoppe.
  2651 | D:4      | Found Risupnem's Distillery.
  2681 | D:4      | Slain by a scorpion

Skill      XL: |  1  2  3  4 |
---------------+-------------+-----
Dodging        | 2 |  2.2
Armour         | 1 |  1.1
Fighting       | |  1.0
Stealth        | |  0.4
Unarmed Combat | |  3.6
Spellcasting   | |  2.3
Transmutations | |  2.9

Action                   |  1- 3 |  4- 6 || total
-------------------------+-------+-------++-------
Melee: Unarmed           |   148 |    43 ||   191
       Headbutt          |    11 |     9 ||    20
       Punch             |       |     1 ||     1
 Cast: Beastly Appendage |    23 |     7 ||    30
  Use: Scroll            |     5 |       ||     5
 Stab: Sleeping          |     1 |       ||     1
  Eat: Chunk             |     4 |     1 ||     5
Armor: Robe              |     6 |       ||     6
       Ring mail         |    11 |       ||    11
       Scale mail        |    21 |    29 ||    50
Dodge: Dodged            |    69 |    17 ||    86
